 Dungeon Crawl Stone Soup version 0.32-a0-42-ga30500b4d3 (webtiles) character file.

Game seed: 2601394298456144014

4 kae the Changeling (level 1, -1/15 HPs)
             Began as a Demonspawn Shapeshifter on Jan 30, 2024.
             Slain by a jackal (3 damage)
             ... on level 1 of the Dungeon.
             The game lasted 00:00:08 (112 turns).

kae the Changeling (Demonspawn Shapeshifter)         Turns: 112, Time: 00:00:09

Health: -1/15      AC:  2    Str: 14    XL:     1   Next: 50%
Magic:  1/1        EV: 12    Int: 10    God:
Gold:   5          SH:  0    Dex: 12    Spells: 0/0 levels left

rFire   . .          .
                       - Unarmed
rCold   . . .        (no shield)
rNeg    . . .        a - +0 animal skin
rPois   .            (helmet currently unavailable)
rElec   .            (cloak currently unavailable)
rCorr   .            (gloves currently unavailable)
SInv    .            (boots currently unavailable)
Will    .....        (no amulet)
Stlth   +            (no ring)
HPRegen 0.22/turn    (no ring)
MPRegen 0.07/turn

%: no passive effects
@: beast-form
A: beast (slay +1)
a: Begin Untransformation


You were on level 1 of the Dungeon.
You were a hulking beast.
You visited 1 branch of the dungeon, and saw 1 of its levels.

You collected 5 gold pieces.


   Skills:
 + Level 1.1 Fighting
 - Level 1.7 Dodging
 + Level 2.7 Unarmed Combat
 * Level 2.8 Shapeshifting


You couldn't memorise any spells.
You didn't know any spells.
Your spell library contained the following spells:

 Spells                   Type           Power      Damage    Failure   Level
 Ensorcelled Hibernation  Hex/Ice        0%         N/A       50%         2
 Passwall                 Erth           0%         N/A       75%         3
 Swiftness                Air            0%         N/A       75%         3

Inventory:

Missiles
 g - 10 stones (quivered)
Armour
 a - a +0 animal skin (worn)
Talismans
 c - a beast talisman
 d - a flux talisman
Scrolls
 e - a scroll of immolation {unknown}
 f - a scroll of fear {unknown}
Potions
 b - a potion of lignification {!q}

Dungeon Overview and Level Annotations

Branches:
Dungeon (1/15) Zot: 5888

Altars:

..... ....
..#.###.##...#######...
#....#..##............#
#.....................#
#.....................#
##......#.......)......#
#...._....#............#
#.....h................#
#.....hh#####.#.........
#.[..#h.### #.#...######
##. #....###.....#####.
#.....#####........
..#...#..####......##
......................
#..#...#......#.##...#
#..#.......########.##
#.....#.#.##.....#..##


You could see 3 jackals.


Message History

Welcome, kae the Demonspawn Shapeshifter.
Will you be the one to retrieve the splendid Orb of Zot from the depths?
Press ? for a list of commands and other information.
Found a scroll labelled USSAUMOXTE and a scroll labelled IZOTA REICH.
Found a staircase leading out of the dungeon.
e - a scroll labelled IZOTA REICH
f - a scroll labelled USSAUMOXTE You now have 5 gold pieces.
g - 4 stones
g - 10 stones (gained 6)
A hobgoblin comes into view.
The hobgoblin shouts!
A hobgoblin is nearby!
A hobgoblin is nearby!
A hobgoblin is nearby!
A goblin comes into view. It is wielding a +0 dagger.
The hobgoblin hits you but does no damage.
The goblin shouts!
You hit the hobgoblin. The hobgoblin barely misses you.
There are monsters nearby!
You barely miss the hobgoblin. The hobgoblin closely misses you.
You hit the hobgoblin.
There are monsters nearby!
There are monsters nearby!
You hit the hobgoblin.
You kill the hobgoblin!
The goblin hits you but does no damage.
You punch the goblin!
You kill the goblin!
An endoplasm comes into view.
No target in view!
No target in view!
No target in view!
You pick up a book of Burglary and begin reading...
You add the spells Ensorcelled Hibernation, Swiftness and Passwall to your library.
No target in view!
No target in view!
Found a faded altar of an unknown god.
An endoplasm is nearby!
A jackal comes into view.
The endoplasm quivers.
A jackal comes into view.
There are monsters nearby!
You hit the endoplasm but do no damage. The endoplasm barely misses you.
There are monsters nearby!
You punch the endoplasm!
You kill the endoplasm!
The jackal barks!
You hear a bark!
A jackal comes into view.
The jackal closely misses you.
You closely miss the jackal. The jackal barely misses you.
There are monsters nearby!
You closely miss the jackal. You closely miss the jackal. The jackal bites you.
The jackal barely misses you. The jackal bites you. 😕 HP[-2]
You take 2 damage, and now have 13/15 hp.
You barely miss the jackal. Your punch misses the jackal.
The jackal completely misses you.
The jackal bites you but does no damage. x2
You closely miss the jackal. The jackal completely misses you.
The jackal barely misses you. The jackal closely misses you.
You hit the jackal but do no damage. The jackal bites you.
The jackal completely misses you. The jackal misses you.
The jackal bites you but does no damage.
The jackal bites you.
You hit the jackal but do no damage. The jackal closely misses you.
The jackal bites you. The jackal misses you. The jackal bites you. 😮 HP[-3]
You take 3 damage, and now have 10/15 hp.
You are too injured to fight recklessly!
You are too injured to fight recklessly!
You are too injured to fight recklessly!
You are too injured to fight recklessly!
Unknown command.
You closely miss the jackal. The jackal barely misses you.
The jackal closely misses you.
The jackal bites you but does no damage.
You hit the jackal. The jackal bites you. x2
* * * LOW HITPOINT WARNING * * *
The jackal misses you.
The jackal closely misses you. x2 😨 HP[-3]
You take 3 damage, and now have 7/15 hp.
You hit the jackal but do no damage. The jackal barely misses you.
The jackal bites you but does no damage. x3
You hit the jackal.
The jackal bites you but does no damage.
The jackal misses you. The jackal bites you.
* * * LOW HITPOINT WARNING * * *
😨 HP[-1]
You take 1 damage, and now have 6/15 hp.
You hit the jackal but do no damage. The jackal closely misses you. x2
The jackal bites you.
* * * LOW HITPOINT WARNING * * *
😱 HP[-3]
You take 3 damage, and now have 3/15 hp.
You closely miss the jackal. The jackal bites you.
* * * LOW HITPOINT WARNING * * *
The jackal bites you.
You die...

Action                     || total
---------------------------++-------
  Melee: Unarmed           ||    20
 Armour: Animal skin       ||    22
  Dodge: Dodged            ||    23

Levels and vault maps discovered:
D:1:      dpeg_arrival_three_same_balls, layout_rooms,
          ebering_ecumenical_altar_sacrificial, serial_shops,
          nicolae_shop_waterfront, shop, nicolae_shop_back_alley_shop, shop,
          nicolae_shop_tiny_real_fake_doors

Notes
Turn   | Place    | Note
-------+----------+-------------------------------------------
     0 | D:1      | kae the Demonspawn Shapeshifter began the quest for the
                  | Orb.
     0 | D:1      | Reached XP level 1. HP: 15/15 MP: 1/1
     0 | D:1      | magus.rc [v1.11.3]
    91 | D:1      | You pick up a book of Burglary and begin reading...
    91 | D:1      | You add the spells Ensorcelled Hibernation, Swiftness and
                  | Passwall to your library.
    92 | D:1      | Found a faded altar of an unknown god.
   111 | D:1      | HP: 3/15 [jackal (3)]
   112 | D:1      | Slain by a jackal

Vanquished Creatures
  An endoplasm (D:1)
  A goblin (D:1)
  A hobgoblin (D:1)
3 creatures vanquished.

Table legend:
 A = Non-vault XP
 B = Vault XP
 C = Vault XP percentage of total XP
 D = Non-vault monster count
 E = Vault monster count
 F = Vault count percentage of total count
                 A         B        C        D         E       F
            +---------+---------+-------+---------+---------+-------
      Total |       6 |       0 |   0.0 |       3 |       0 |   0.0
            +---------+---------+-------+---------+---------+-------
        D:1 |       6 |       0 |   0.0 |       3 |       0 |   0.0
            +---------+---------+-------+---------+---------+-------

Action                     || total
---------------------------++-------
  Melee: Unarmed           ||    20
 Armour: Animal skin       ||    22
  Dodge: Dodged            ||    23

Illustrated notes

Table legend:
 A = Kills in this place as a percentage of kills in the entire game.
 B = Kills by you in this place as a percentage of kills by you in the entire game.
 C = Kills by friends in this place as a percentage of kills by friends in the entire game.
 D = Other kills in this place as a percentage of other kills in the entire game.
 E = Experience gained in this place as a percentage of experience gained in the entire game.
 F = Experience gained in this place divided by the number of levels of this place that you have seen.
                   A       B       C       D       E      F
               +-------+-------+-------+-------+-------+----------------------
         Total | 100.0 | 100.0 |   N/A |   N/A | 100.0 |   6.0
       Dungeon | 100.0 | 100.0 |   N/A |   N/A | 100.0 |   6.0
               +-------+-------+-------+-------+-------+----------------------

Table legend: (Time is in decaauts)
 A = Elapsed time spent in this place.
 B = Non-inter-level travel time spent in this place.
 C = Inter-level travel time spent in this place.
 D = Time resting spent in this place.
 E = Time spent auto-exploring this place.
 F = Levels seen in this place.
 G = Mean time per level.
                   A        B        C        D        E       F      G
               +--------+--------+--------+--------+--------+-----+--------+
         Total |    110 |    110 |      0 |      0 |     77 |   1 |  110.0 |
       Dungeon |    110 |    110 |      0 |      0 |     77 |   1 |  110.0 |
               +--------+--------+--------+--------+--------+-----+--------+

Top non-repeatable levels by time:
     D:1: 110 daAuts
